 Dungeon Crawl Stone Soup version 0.30-a0-1094-g860fb061e7 (webtiles) character file.

Game seed: 3475290582794299449

182 jasper the Magician (level 5, -5/35 HPs)
             Began as a Djinni Earth Elementalist on Apr 17, 2023.
             Slain by a phantom (6 damage)
             ... on level 4 of the Dungeon.
             The game lasted 00:05:05 (2675 turns).

jasper the Magician (Djinni Earth Elementalist)     Turns: 2675, Time: 00:05:06

Health: -5/35      AC:  2    Str:  7    XL:     5   Next: 93%
Gold:   129        EV: 12    Int: 18    God:
                   SH:  0    Dex: 14

rFire   + + .      SeeInvis .    m - staff of conjuration
rCold   x . .      Faith    .    (no shield)
rNeg    . . .      Spirit   .    a - +0 robe
rPois   ∞          Reflect  .    (no helmet)
rElec   .          Rampage  .    (no cloak)
rCorr   .                        (no gloves)
Will    .....                    (boots unavailable)
Stlth   ++                       (no amulet)
HPRegen 0.25/turn                (no ring)
MPRegen 0.00/turn                (no ring)

@: flying
A: sickness immunity, fire resistance 2, cold vulnerability 1, float, innate
caster, HP casting, extra vitality 1
a: no special abilities


You were on level 4 of the Dungeon.
You visited 1 branch of the dungeon, and saw 4 of its levels.

You collected 129 gold pieces.

Inventory:

Hand Weapons
 g - a +1 long sword
Armour
 a - a +0 robe (worn)
 f - the +5 chain mail of Hedonism {rF+ Str+2}
   (You found it on level 3 of the Dungeon)

   Str:       It affects your strength (+2).
   rF:        It protects you from fire.
 k - a +1 kite shield
Magical Staves
 e - a staff of cold
 m - a staff of conjuration (weapon)
Jewellery
 o - an amulet of faith
Wands
 l - a wand of flame (15)
Scrolls
 h - 2 scrolls of teleportation
 i - a scroll of magic mapping {unknown}
 j - 2 scrolls of blinking
 n - a scroll of brand weapon {unknown}
Potions
 b - 2 potions of might
 d - a potion of attraction {unknown}


   Skills:
 - Level 2.1 Dodging
 - Level 1.5 Stealth
 + Level 4.7 Spellcasting


You knew the following spells:

 Your Spells              Type           Power      Damage    Failure   Level
a - Sandblast             Erth           42%        2d11      1%          1
b - Passwall              Tmut/Erth      17%        N/A       3%          2
c - Stone Arrow           Conj/Erth      64%        3d11      6%          3
d - Petrify               Tmut/Erth      21%        N/A       19%         4
e - Summon Small Mammal   Summ           84%        N/A       1%          1
f - Poisonous Vapours     Pois/Air       42%        N/A       3%          2
Your spell library was empty.

Dungeon Overview and Level Annotations

Branches:
Dungeon (4/15)
 Temple: D:4-7

Altars:
Qazlal
Wu Jian


Innate Abilities, Weirdness & Mutations

You are immune to sickness and miasma.
You are immune to poison.
Your flesh is very heat resistant. (rF++)
You are vulnerable to cold. (rC-)
You float through the air rather than walking.
You learn spells naturally, not from books.
Your magical power is your life essence.
You have superior vitality. (+4 MHP)


Message History

The blast of sand hits the orc wizard!
You kill the orc wizard!
Aiming: Sandblast (safe; 1% risk of failure)
Press: ? - help, Q - select action, (/) - cycle Shift-Dir - straight line, f - orc
Aim: an orc, wielding a +0 hand axe (83% to hit)
The blast of sand hits the orc!
You kill the orc!
The phantom hits you!
You take 8 damage, and have 26/35 hp.
MASSIVE DAMAGE!!
Aiming: Sandblast (safe; 1% risk of failure)
Press: ? - help, Q - select action, (/) - cycle Shift-Dir - straight line, f - phantom
Aim: a phantom (76% to hit)
The blast of sand misses the phantom.
The phantom barely misses you.
You take 1 damage, and have 25/35 hp.
Aiming: Sandblast (safe; 1% risk of failure)
Press: ? - help, Q - select action, (/) - cycle Shift-Dir - straight line, f/p - phantom
Aim: a phantom (76% to hit)
The blast of sand hits the phantom!
The phantom is heavily damaged.
The phantom hits you. The orc hits you with a +0 hand axe.
The orc barely misses you. The phantom hits you.
You take 10 damage, and have 15/35 hp.
MASSIVE DAMAGE!!
Aiming: Sandblast (safe; 1% risk of failure)
Press: ? - help, Q - select action, (/) - cycle Shift-Dir - straight line, f/p - phantom
Aim: a phantom (heavily damaged, 76% to hit)
The blast of sand misses the phantom.
The orc closely misses you. The phantom closely misses you.
You take 1 damage, and have 14/35 hp.
Aiming: Sandblast (safe; 1% risk of failure)
Press: ? - help, Q - select action, (/) - cycle Shift-Dir - straight line, f/p - phantom
Aim: a phantom (heavily damaged, 76% to hit)
The blast of sand hits the phantom!
The phantom is almost destroyed.
The phantom hits you!
* * * LOW HITPOINT WARNING * * *
The orc barely misses you. The orc hits you with a +0 hand axe.
* * * LOW HITPOINT WARNING * * *
The phantom hits you.
You die...

............#
............#
.............##
..
...........###
... ............
....##..........
#............##
#....o.......#
#....#@...(..#
......W##<....#
....... ##....#
...<).. ....).#
.....#. .....##
.....## #.#.##
.... #### #...


You could see a phantom and an orc.

Vanquished Creatures
  Natasha (thrice) (D:2)
  An orc wizard (D:4)
  An adder (D:3)
  2 dart slugs
  3 orcs (D:4)
  7 ball pythons
  5 endoplasms
  4 hobgoblins
  9 jackals
  3 quokkas
  9 bats
  5 frilled lizards
  8 goblins
  3 kobolds
  7 rats
70 creatures vanquished.

Notes
Turn   | Place    | Note
-------+----------+-------------------------------------------
     0 | D:1      | jasper the Djinni Earth Elementalist began the quest for
                  | the Orb.
     0 | D:1      | jasper set off with the following spells memorised:
                  | Sandblast, Passwall, Stone Arrow, Petrify.
     0 | D:1      | Reached XP level 1. HP: 15/15 MP: 0/0
   108 | D:1      | Reached XP level 2. HP: 20/21 MP: 0/0
   241 | D:1      | Reached skill level 3 in Spellcasting
   593 | D:1      | Reached XP level 3. HP: 22/25 MP: 0/0
   593 | D:1      | Learned a level 1 spell: Summon Small Mammal
  1099 | D:2      | Noticed Natasha
  1104 | D:2      | Killed Natasha
  1105 | D:2      | Reached XP level 4. HP: 21/31 MP: 0/0
  1368 | D:2      | Noticed Natasha
  1371 | D:2      | Killed Natasha
  1372 | D:2      | Reached skill level 4 in Spellcasting
  1430 | D:2      | Noticed Natasha
  1440 | D:2      | Killed Natasha
  1441 | D:2      | Reached XP level 5. HP: 19/35 MP: 0/0
  1441 | D:2      | Learned a level 2 spell: Poisonous Vapours
  1964 | D:3      | Identified the +5 chain mail of Hedonism {rF+ Str+2}
  2054 | D:3      | Found an ornate altar of the Wu Jian Council.
  2078 | D:3      | Found a stormy altar of Qazlal.
  2664 | D:4      | Noticed a phantom
  2675 | D:4      | HP: 1/35 [orc/+0 hand axe (5)]
  2675 | D:4      | Slain by a phantom

Illustrated notes

Levels and vault maps discovered:
D:1:      dpeg_arrival_ternary, layout_loops_ring, minmay_pentomino_z2
D:2:      layout_basic, kennysheep_generic_room_13, uniq_natasha
D:3:      layout_loops_ring, nicolae_qazlal_scattered_showers,
          mainiacjoe_overflow_six_doors_small
D:4:      layout_cave_pools, okawaru_gym_becter, lemuel_crystal_altar,
          minmay_bisected

Skill      XL: |  1  2  3  4 |
---------------+-------------+-----
Spellcasting   | 3 4 |  4.7
Dodging        | |  2.1
Stealth        | |  1.5

Action                     |  1- 3 |  4- 6 || total
---------------------------+-------+-------++-------
   Cast: Sandblast         |    40 |    56 ||    96
    Use: Scroll            |     5 |     3 ||     8
         Potion            |       |     1 ||     1
 Armour: Robe              |     2 |     5 ||     7
  Dodge: Dodged            |     7 |    16 ||    23

Table legend: (Time is in decaauts)
 A = Elapsed time spent in this place.
 B = Non-inter-level travel time spent in this place.
 C = Inter-level travel time spent in this place.
 D = Time resting spent in this place.
 E = Time spent auto-exploring this place.
 F = Levels seen in this place.
 G = Mean time per level.
                   A        B        C        D        E       F      G
               +--------+--------+--------+--------+--------+-----+--------+
         Total |   2744 |   2679 |     65 |      0 |   2315 |   4 |  686.0 |
       Dungeon |   2744 |   2679 |     65 |      0 |   2315 |   4 |  686.0 |
               +--------+--------+--------+--------+--------+-----+--------+

Top non-repeatable levels by time:
     D:2: 1190 daAuts
     D:1: 820 daAuts
     D:3: 713 daAuts
     D:4: 20 daAuts
